 Dungeon Crawl Stone Soup version 0.23-a0-139-ga22e90c45f (webtiles) character file.

655 PikkenKukken the Cutter (level 7, -9/55 HPs)
             Began as a Merfolk Fighter on Aug 30, 2018.
             Killed from afar by an orc wizard (12 damage)
             ... with a puff of frost
             ... on level 5 of the Dungeon.
             The game lasted 00:07:43 (4037 turns).

PikkenKukken the Cutter (Merfolk Fighter)           Turns: 4037, Time: 00:07:43

Health: -9/55      AC: 10    Str: 16    XL:     7   Next: 54%
Magic:  16/16      EV:  6    Int:  7    God:
Gold:   223        SH:  9    Dex: 16    Spells: 6/6 levels left

rFire    + . .     SeeInvis .   v - +2 dagger (speed)
rCold    x . .     Gourm    .   c - +0 shield
rNeg     . . .     Faith    .   g - +0 chain mail
rPois    .         Spirit   .   o - +0 helmet
rElec    .         Reflect  .   (no cloak)
rCorr    .         Harm     .   (no gloves)
MR       .....                  (no boots)
Stlth    ..........             p - amulet of the acrobat
HPRegen  0.18/turn              x - ring of fire
MPRegen  0.15/turn              d - ring of magical power

@: lethally poisoned (-9 -> -10)
A: change form in water, swift swim, stealthy swim
a: no special abilities


You were on level 5 of the Dungeon.
You were not hungry.

You visited 1 branch of the dungeon, and saw 5 of its levels.

You collected 223 gold pieces.

Inventory:

Hand Weapons
 a - a +0 rapier
 i - a +0 dagger of venom
 v - a +2 dagger of speed (weapon)
Missiles
 n - 30 bolts
Armour
 b - a +0 scale mail
 c - a +0 shield (worn)
 g - a +0 chain mail (worn)
 o - a +0 helmet (worn)
Jewellery
 d - a ring of magical power (right hand)
 p - an amulet of the acrobat (around neck)
 r - an uncursed ring of ice
 x - a ring of fire (left hand)
Scrolls
 e - 5 scrolls of teleportation
 l - 4 scrolls of remove curse
 m - a scroll of magic mapping {unknown}
 q - a scroll of random uselessness {unknown}
Potions
 h - a potion of resistance
 j - a potion of mutation
 k - a potion of heal wounds {unknown}
 s - a potion of brilliance {unknown}
 t - a potion of haste {unknown}
 u - a potion of ambrosia {unknown}
Comestibles
 f - 10 rations
 w - 2 chunks of flesh


   Skills:
 + Level 4.7 Fighting
 * Level 6.0 Short Blades
 + Level 3.2 Armour
 + Level 4.0 Dodging
 + Level 4.3 Shields


You had 6 spell levels left.
You didn't know any spells.
Your spell library was empty.

Dungeon Overview and Level Annotations

Branches:
Dungeon (5/15)
 Temple: D:4-7

Altars:
Fedhas
Hepliaklqana
Nemelex Xobeh
Qazlal
Ru
Wu Jian
Xom
Yredelemnul


Message History

Unknown command.
You hit the orc priest but do no damage.
The orc priest is lightly wounded.
The orc wizard hits you with a dagger.
You hear some strange, mumbled words.
A puff of frost appears from out of thin air!
The puff of frost hits you!
You feel a terrible chill!
* * * LOW HITPOINT WARNING * * *
You barely miss the orc priest.
The orc priest is lightly wounded.
The orc priest hits you from afar with a trident.
* * * LOW HITPOINT WARNING * * *
Unknown command.
You hit the orc priest.
The orc priest is moderately wounded.
The orc wizard completely misses you.
You hear some strange, mumbled words.
A puff of frost appears from out of thin air!
The puff of frost hits you!
You feel a terrible chill!
You die...

#.# . #.# .. #.# ...
##.## .... ... .....
##.# ......#o.##
.....o.@..####
#####.{o#....######.
#.######........ #.
#####........ ##.
#.....#####..
#..##.##### #.##..#
#.#..## #...## .#


You could see 2 orc priests and an orc wizard.

Vanquished Creatures
  Grinder (D:3)
  A scorpion (D:4)
  A jelly (D:4)
  An orc wizard (D:4)
  A bullfrog skeleton (D:4)
  2 hounds
  2 worker ants
  Robin (D:3)
  9 adders
  An adder skeleton (D:4)
  2 worms (D:3)
  4 dart slugs
  3 leopard geckos
  11 orcs
  7 bats
  4 giant cockroaches
  18 goblins
  10 hobgoblins
  5 jackals (D:4)
  7 kobolds
  A quokka (D:3)
  7 frilled lizards
  8 rats
107 creatures vanquished.

Notes
Turn   | Place    | Note
-------+----------+-------------------------------------------
     0 | D:1      | PikkenKukken the Merfolk Fighter began the quest for the
                  | Orb.
     0 | D:1      | Reached XP level 1. HP: 18/18 MP: 1/1
   104 | D:1      | Reached XP level 2. HP: 24/24 MP: 2/2
   210 | D:1      | Reached skill level 3 in Short Blades
   212 | D:1      | Reached skill level 1 in Dodging
   232 | D:1      | Found a sparkling altar of Nemelex Xobeh.
   382 | D:1      | Reached XP level 3. HP: 29/29 MP: 3/3
   785 | D:2      | Reached XP level 4. HP: 29/37 MP: 4/4
   966 | D:2      | Found a shimmering altar of Xom.
   968 | D:2      | Found a stormy altar of Qazlal.
   968 | D:2      | Found a hazy altar of Hepliaklqana.
   971 | D:2      | Found a deep blue altar of Sif Muna.
   971 | D:2      | Found a blossoming altar of Fedhas.
   971 | D:2      | Found a snail-covered altar of Cheibriados.
  1025 | D:2      | Found a basalt altar of Yredelemnul.
  1523 | D:3      | Noticed Grinder
  1538 | D:3      | Paralysed by something for 3 turns
  1549 | D:3      | Killed Grinder
  1549 | D:3      | Reached skill level 4 in Short Blades
  1549 | D:3      | Reached XP level 5. HP: 27/42 MP: 5/5
  1549 | D:3      | Reached XP level 6. HP: 30/48 MP: 6/6
  1633 | D:3      | Reached skill level 5 in Short Blades
  1968 | D:3      | Noticed Robin
  2003 | D:3      | Killed Robin
  2594 | D:4      | Reached XP level 7. HP: 44/55 MP: 7/7
  3299 | D:4      | Found an ornate altar of the Wu Jian Council.
  3783 | D:4      | Found a sacrificial altar of Ru.
  3938 | D:5      | Entered Level 5 of the Dungeon
  3978 | D:5      | Reached skill level 6 in Short Blades
  4037 | D:5      | Killed from afar by an orc wizard

Vault maps used:
D:1:      sevenhm_arrival_forest_fort_large_4, nemelex_xobeh_ov_fountains_minmay
D:2:      yredelemnul_altar_generic, doesnt_xom_only_xom,
          guppyfry_early_orc_mine
D:3:      uniq_robin, uniq_grinder
D:4:      lemuel_round_altar, nicolae_ru_path_of_blood
D:5:      first_ration, st_stairs_13

Skill      XL: |  1  2  3  4  5  6  7 |
---------------+----------------------+-----
Short Blades   | 3 4 5 6 |  6.0
Dodging        | 1 3 4 |  4.0
Fighting       | 4 |  4.7
Shields        | 4 |  4.3
Armour         | 3 |  3.2

Action                   |  1- 3 |  4- 6 |  7- 9 || total
-------------------------+-------+-------+-------++-------
Melee: Dagger            |   113 |   245 |   201 ||   559
       Rapier            |     2 |       |       ||     2
  Use: Scroll            |     4 |     1 |       ||     5
       Potion            |       |     1 |       ||     1
  Eat: Chunk             |       |     5 |     5 ||    10
Armor: Scale mail        |    36 |    29 |       ||    65
       Chain mail        |       |    46 |    68 ||   114
Dodge: Dodged            |    26 |    56 |    25 ||   107
Block: Shield            |    35 |    89 |    70 ||   194

Table legend:
 A = Non-vault XP
 B = Vault XP
 C = Vault XP percentage of total XP
 D = Non-vault monster count
 E = Vault monster count
 F = Vault count percentage of total count
                 A         B        C        D         E       F
            +---------+---------+-------+---------+---------+-------
      Total |     614 |     323 |  34.5 |      91 |      16 |  15.0
            +---------+---------+-------+---------+---------+-------
        D:1 |      38 |       0 |   0.0 |      21 |       0 |   0.0
        D:2 |      81 |      14 |  14.7 |      22 |       6 |  21.4
        D:3 |     133 |     309 |  69.9 |      24 |      10 |  29.4
        D:4 |     269 |       0 |   0.0 |      20 |       0 |   0.0
        D:5 |      93 |       0 |   0.0 |       4 |       0 |   0.0
            +---------+---------+-------+---------+---------+-------
